Description

copying from a harstem guide for my use

VOD

https://www.youtube.com/watch?v=gehqFf6xies&list=PLbVNzAA7sXzCRQlb9UMKYnEasQNu6PIxF&index=2

Build Order

Get SALT Encoding   

  14  0:18  Pylon  
  15  0:27  Assimilator  
  17  0:49  Gateway  
  20  1:23  Nexus  
  20  1:36  Cybernetics Core  scout with probe
  21  1:41  Assimilator  
  22  1:51  Pylon  
  23  2:12  Warp Gate, Adept  chrono
  26  2:17  Robotics Facility  
  27  2:32  Stalker  chrono, take 1 probe from gas
  32  2:48  Twilight Council  
  35  3:08  Warp Prism  
  38  3:18  Gateway, Charge  stop at 32 probe, chrono once towards the end
  38  3:34  Immortal  chrono
  42  4:02  Gateway, Immortal  chrono, pull out of gas after starting second immortal
  46  4:05  Gateway  
  46  4:08  Gateway  
  46  4:12  Gateway  
  46  4:14  Gateway  
  46  4:16  Pylon  
  46  4:20  Pylon  go attack
  46  4:22  Pylon  
Spawning Tool Build Advisor. Get it on Overwolf

Go to:

Details

  • Created by: cwan222
  • Published on: Jul 14, 2020
  • Modified on: Jul 14, 2020
  • Patch: 4.11.0
  • Difficulty: Easy
Show
View Real Time Build Order
Export as new Build Order

Comments (1)

On Dec. 7, 2020, 11:31 p.m., PashkaTLT  said:

I don't like late scouting. I prefer scouting after gateway to see 12 pool or aggressive pool (when it finishes before 1:50, in which case we need a battery and 3 units quickly).

Create an account to comment!